 Dungeon Crawl Stone Soup version 0.18-a0-1126-ga2d7f46 (webtiles) character file.

71 Chiseanne the Skirmisher (level 4, 0/38 HPs)
             Began as a Centaur Air Elementalist on Jan 20, 2016.
             Killed from afar by Sigmund (6 damage)
             ... with a puff of flame
             ... on level 2 of the Dungeon.
             The game lasted 00:03:30 (1726 turns).

Chiseanne the Skirmisher (Centaur Air Elementalist) Turns: 1726, Time: 00:03:30

Health: 0/38       AC:  7    Str: 11    XL:     4   Next: 5%
Magic:  6/6        EV:  2    Int: 15    God:
Gold:   44         SH:  3    Dex:  9    Spells: 2 memorised, 3 levels left

rFire  . . .     SeeInvis .     l - +2 dagger (freeze)
rCold  . . .     Gourm    .     h - +0 chain mail
rNeg   . . .     Faith    .     j - +0 buckler
rPois  .         Spirit   .     (no helmet)
rElec  .         Dismiss  .     (no cloak)
rCorr  .         Reflect  .     (no gloves)
SustAt .         Harm     .     (no barding)
MR     .....                    (no amulet)
Stlth  ..........               (no ring)
                                (no ring)

@: very slightly contaminated, repel missiles, very quick, not resistant to
hostile enchantments, extremely unstealthy
A: hooves 3, deformed body, speed 2, tough skin 3
a: no special abilities


You were on level 2 of the Dungeon.
You were not hungry.

You visited 1 branch of the dungeon, and saw 2 of its levels.

You collected 44 gold pieces.

Inventory:

Hand Weapons
 l - a +2 dagger of freezing (weapon)
Missiles
 e - 12 bolts
Armour
 g - a +0 helmet
 h - a +0 chain mail (worn)
 j - a +0 buckler (worn)
Jewellery
 d - an uncursed amulet of harm {unknown}
Scrolls
 a - a scroll of remove curse
 n - a scroll of identify {unknown}
 o - a scroll of teleportation {unknown}
Potions
 f - a potion of might {unknown}
 i - a potion of beneficial mutation {unknown}
 k - a potion of curing {unknown}
Books
 b - a book of Air

   Spells                             Type                      Level
   a - Shock                          Conjuration/Air              1
   b - Swiftness                      Charms/Air                   2
   c - Repel Missiles                 Charms/Air                   2
   d - Static Discharge               Conjuration/Air              3
   e - Lightning Bolt                 Conjuration/Air              5
Comestibles
 c - 2 bread rations
 m - a meat ration
 p - a slice of pizza
 q - a royal jelly


   Skills:
 * Level 3.1 Fighting
 * Level 0.4 Armour
 - Level 1.3 Dodging
 - Level 1.2 Stealth
 * Level 0.9 Shields
 - Level 1.5 Spellcasting
 - Level 0.8 Conjurations
 - Level 2.6 Air Magic


You had 3 spell levels left.
You knew the following spells:

 Your Spells              Type           Power        Failure   Level  Hunger
a - Shock                 Conj/Air       #...         100%        1    ##.....
b - Repel Missiles        Chrm/Air       #.....       100%        2    ###....


Dungeon Overview and Level Annotations

Branches:
Dungeon (2/15)

Altars:
Vehumet

Annotations:
D:2 Sigmund


Innate Abilities, Weirdness & Mutations

You have hooves in place of feet.
Armour fits poorly on your strangely shaped body.
You cover ground very quickly.
You have extremely tough skin (AC +3).


Message History

The hobgoblin is almost dead.
The hobgoblin hits you but does no damage.
You hit the hobgoblin. You freeze the hobgoblin.
You kill the hobgoblin!
You closely miss the goblin. Your kick misses the goblin.
The goblin hits you but does no damage. Something hits you but does no damage.
You closely miss the goblin. Your kick misses the goblin.
The goblin hits you but does no damage.
Your chain mail prevents you from hitting the goblin.
Something hits you! The goblin hits you but does no damage.
You hit the goblin. You freeze the goblin.
You kill the goblin!
Something hits you!
* * * LOW HITPOINT WARNING * * *
Items here: ( ))) [[ †
g - a helmet You hear some strange, mumbled words.
A puff of flame appears from out of thin air!
The puff of flame hits you!
You die...

..@.'..(.........§..§.#
#####............§.§..#
#.......#@##..§...+
######(##.#.§§.§..##
####.g......§.....
#......g..†......#
#.######.#gg..##. #
#g#†##.# #§#@# # #.#)#
###.# #.# #.# ... #.#
#.# #.#


You could see a hobgoblin and a goblin (frenzied).

Vanquished Creatures
  Robin (D:2)
  2 oozes
  5 giant geckos (D:1)
  4 bats
  9 goblins
  9 hobgoblins
  2 jackals (D:1)
  7 kobolds
  A giant newt (D:1)
  3 rats
43 creatures vanquished.

Notes
Turn   | Place    | Note
--------------------------------------------------------------
     0 | D:1      | Chiseanne the Centaur Air Elementalist began the quest for the Orb.
     0 | D:1      | Reached XP level 1. HP: 14/14 MP: 3/3
   175 | D:1      | Reached skill level 1 in Fighting
   324 | D:1      | Reached XP level 2. HP: 5/23 MP: 2/4
  1164 | D:1      | Reached XP level 3. HP: 30/30 MP: 5/5
  1252 | D:1      | Learned a level 2 spell: Repel Missiles
  1639 | D:2      | Found a radiant altar of Vehumet.
  1661 | D:2      | Noticed Robin
  1671 | D:2      | Noticed Sigmund
  1702 | D:2      | Reached skill level 3 in Fighting
  1714 | D:2      | Killed Robin
  1714 | D:2      | Reached XP level 4. HP: 26/38 MP: 6/6
  1726 | D:2      | Killed from afar by Sigmund

Vault maps used:
D:1:      evilmike_arrival_fibonacci_small, dk_noncrumbling_2, st_stairs_4
D:2:      fiery_altar_vehumet, ecumenical_altar_2, uniq_sigmund, uniq_robin

Action                   |  1- 3 |  4- 6 || total
-------------------------+-------+-------++-------
Melee: Dagger            |    90 |    10 ||   100
       Spear             |    27 |       ||    27
 Cast: Shock             |     6 |       ||     6
       Repel Missiles    |     1 |       ||     1
  Use: Scroll            |     3 |       ||     3
  Eat: Chunk             |     2 |       ||     2
